 Dungeon Crawl Stone Soup version 0.23.0 (webtiles) character file.

Game seed: 4320788858028910896

50080 Jaiteiro the Blocker (level 14, 0/113 HPs)
             Began as a Gnoll Fighter on Feb 14, 2019.
             Was an Elder of the Shining One.
             Slain by a catoblepas (8 damage)
             ... while petrified by you
             ... on level 6 of the Lair of Beasts.
             The game lasted 02:13:59 (25238 turns).

Jaiteiro the Blocker (Gnoll Fighter)               Turns: 25238, Time: 02:14:00

Health: 0/113      AC: 18    Str: 26    XL:     14   Next: 53%
Magic:  27/27      EV:  2    Int: 14    God:    the Shining One [****..]
Gold:   1518       SH:  0    Dex: 15    Spells: 9/31 levels left

rFire    + . .     SeeInvis .   b - +2 scimitar (flame)
rCold    . . .     Gourm    .   m - +0 shield
rNeg     + + +     Faith    +   V - +1 chain mail {rF+}
rPois    ∞         Spirit   .   (no helmet)
rElec    +         Reflect  .   N - scarf {repulsion}
rCorr    .         Harm     .   Q - +0 pair of gloves
MR       ++...                  G - +2 pair of boots
Stlth    ..........             s - amulet of faith
HPRegen  0.28/turn              M - ring of Xeamit {*Slow rElec Str+6 Stlth-}
MPRegen  0.20/turn              Z - ring of protection from magic

@: divine shield, petrified, glowing, repel missiles
A: distributed training, fangs 1, strong nose
a: Divine Shield, Cleansing Flame, Renounce Religion


You were on level 6 of the Lair of Beasts.
You worshipped the Shining One.
The Shining One was greatly pleased with you.
You were not hungry.

You visited 3 branches of the dungeon, and saw 20 of its levels.
You also visited: Ossuary.

You collected 1518 gold pieces.

Inventory:

Hand Weapons
 a - a +3 spear
 b - a +2 scimitar of flaming (weapon)
 u - a +0 hunting sling
Missiles
 c - 401 stones (quivered)
 d - 4 javelins
 g - 108 sling bullets
 F - 28 tomahawks
 L - 499 arrows
Armour
 m - a +0 shield (worn)
 G - a +2 pair of boots (worn)
 N - a scarf of repulsion (worn)
 Q - a +0 pair of gloves (worn)
 V - a +1 chain mail of fire resistance (worn)
Jewellery
 s - an amulet of faith (around neck)
 D - an uncursed ring of poison resistance
 M - the ring of Xeamit (left hand) {*Slow rElec Str+6 Stlth-}
   (You found it on level 6 of the Dungeon)

   [ring of attention]

   It affects your strength (+6).
   It insulates you from electricity.
   It may slow you when you take damage.
   It makes you less stealthy.
 T - an uncursed ring of resist corrosion
 Z - a ring of protection from magic (right hand)
Wands
 I - a wand of enslavement (19)
 J - a wand of disintegration (19)
 K - a wand of flame (11)
 O - a wand of paralysis (5)
 P - a wand of scattershot (7)
 S - a wand of digging (5)
 X - a wand of iceblast (9)
Scrolls
 e - 4 scrolls of enchant weapon
 h - 3 scrolls of identify
 i - 9 scrolls of teleportation
 k - 2 scrolls of magic mapping
 o - a scroll of noise {unknown}
 p - 3 scrolls of fear
 q - 3 scrolls of blinking
 r - a scroll of fog {unknown}
 t - a scroll of enchant armour {unknown}
 y - 6 scrolls of remove curse
 B - 6 scrolls of amnesia
 U - a scroll of summoning {unknown}
 W - 2 scrolls of torment {unknown}
Potions
 j - 10 potions of curing
 l - 3 potions of lignification
 w - 5 potions of heal wounds
 x - 2 potions of magic
 z - a potion of degeneration {unknown}
 A - 3 potions of agility
 C - 2 potions of brilliance {unknown}
 E - 2 potions of haste
 H - a potion of mutation {unknown}
Miscellaneous
 v - a sack of spiders
Comestibles
 f - 27 rations
 n - 2 chunks of flesh


   Skills:
 + Level 11.1 Fighting
 + Level 9.1 Short Blades
 + Level 9.1 Long Blades
 + Level 9.1 Axes
 + Level 9.1 Maces & Flails
 + Level 10.2 Polearms
 + Level 9.1 Staves
 + Level 9.1 Slings
 + Level 9.1 Bows
 + Level 9.1 Crossbows
 + Level 9.1 Throwing
 + Level 11.1 Armour
 + Level 9.1 Dodging
 + Level 9.1 Stealth
 + Level 11.1 Shields
 + Level 9.1 Unarmed Combat
 + Level 9.1 Spellcasting
 + Level 7.6 Conjurations
 + Level 7.6 Hexes
 + Level 7.6 Charms
 + Level 7.6 Summonings
 + Level 7.6 Necromancy
 + Level 7.6 Translocations
 + Level 7.6 Transmutations
 + Level 7.6 Fire Magic
 + Level 7.6 Ice Magic
 + Level 7.6 Air Magic
 + Level 7.6 Earth Magic
 + Level 7.6 Poison Magic
 + Level 10.0 Invocations
 + Level 9.1 Evocations


You had 9 spell levels left.
You knew the following spells:

 Your Spells              Type           Power        Failure   Level  Hunger
a - Conjure Flame         Conj/Fire      ####....     11%         3    ##.....
b - Freezing Cloud        Conj/Ice/Air   ####......   99%         6    #######
c - Mephitic Cloud        Conj/Pois/Air  ####....     11%         3    ##.....
d - Shroud of Golubria    Chrm/Tloc      ####......   5%          2    None
e - Spectral Weapon       Hex/Chrm       ####....     11%         3    ##.....
f - Poisonous Vapours     Pois/Air       ####..       5%          2    None
g - Ignite Poison         Fire/Tmut/Pois ####....     11%         3    ##.....

Your spell library contained the following spells:

 Spells                   Type           Power        Failure   Level  Hunger
 Infusion                 Chrm           ####         3%          1    None
 Magic Dart               Conj           ####         3%          1    None
 Blink                    Tloc           N/A          5%          2    None
 Call Imp                 Summ           ####....     5%          2    None
 Searing Ray              Conj           ####..       5%          2    None
 Slow                     Hex            ####....     5%          2    None
 Song of Slaying          Chrm           ####....     5%          2    None
 Dazzling Spray           Conj/Hex       ####..       11%         3    ##.....
 Regeneration             Chrm/Necr      ####......   11%         3    ##.....
 Force Lance              Conj/Tloc      ####....     36%         4    ####...
 Fulminant Prism          Conj/Hex       ####......   36%         4    ####...
 Iskenderun's Mystic Bla  Conj           ####....     36%         4    ####...
 Fireball                 Conj/Fire      ####......   71%         5    #####..
 Bolt of Fire             Conj/Fire      ####......   99%         6    #######
 Ring of Flames           Chrm/Fire      ####......   100%        7    #######
 Ignition                 Fire           ####......   100%        8    #######


Dungeon Overview and Level Annotations

Branches:
Dungeon (13/15)            Temple (1/1) D:6            Lair (6/6) D:11
  Swamp (0/4) Lair:3        Snake (0/4) Lair:2          Orc (0/2) D:9
  Slime: Lair:5-6    Vaults: D:13-14

Altars:
Ashenzari
Cheibriados
Dithmenos
Fedhas
Gozag
Kikubaaqudgha
Makhleb
Nemelex Xobeh
Okawaru
Qazlal
Ru
Sif Muna
Trog
Uskayaw
Vehumet
Wu Jian
Yredelemnul
Zin
The Shining One

Shops:
D:9 [

Annotations:
Lair:1 1 runed translucent door
Lair:2 2 transporters, Cato's ghost, journeyman DECj; Sonja


Innate Abilities, Weirdness & Mutations

Your experience applies equally to all skills.
You have very sharp teeth.
Your uncanny sense of smell can sniff out nearby items.


Message History

The catoblepas gores you!
* * * LOW HITPOINT WARNING * * *
You are engulfed in calcifying dust.
The catoblepas breathes a plume of calcifying dust at you.
The blast of calcifying dust hits you but does no damage.
The blast of calcifying dust hits the hippogriff.
The hippogriff is engulfed in calcifying dust.
The hippogriff is moving more slowly.
The hippogriff bites you but does no damage.
The hippogriff pecks you.
* * * LOW HITPOINT WARNING * * *
The hippogriff claws you but does no damage.
The catoblepas gores you but does no damage.
The hippogriff is engulfed in calcifying dust.
The hippogriff stops moving altogether!
The catoblepas gores you!
* * * LOW HITPOINT WARNING * * *
The hippogriff is engulfed in calcifying dust.
The catoblepas gores you!
You die...

..♣.♣...P.P.#.P##.##....#
.♣♣.....#####..##....P..
.P♣♣..♣.P# ##..#....# .###.
..♣♣.♣♣### #.......## ..##
.♣♣♣♣♣♣.####......## ..$###.
.♣♣ ♣..##.........## .#.....
..♣ ♣.........÷#...###.Y.....
..♣ ♣♣...........H....P.......
..♣♣♣.♣#..P...§#@#...P.P......
..♣....###P....Y÷#...P........
........#...PP.####.........P.
..............................
.#...................#..##....
..............##P.....#.# ...
............#####....#### ..
...........## #.##..# .
P..##........ .#####.#


You could see a catoblepas and a hippogriff (petrified).

Vanquished Creatures
  Azrael (D:12)
  7 hydras
  Erolcha (D:10)
  2 centaur warriors (D:13)
  2 catoblepae
  A two-headed ogre (D:10)
  6 death yaks (Lair:3)
  Urug (Lair:4)
  Nergalle (Lair:1)
  2 ugly things (D:12)
  An orc knight (D:10)
  2 oklob plants (Lair:5)
  A guardian serpent (shapeshifter) (D:13)
  11 elephants
  7 black mambas
  3 centaur skeletons
  14 spiny frogs
  A kobold demonologist (D:8)
  10 komodo dragons
  2 rime drakes
  2 trolls
  Grinder (D:5)
  5 blink frogs (Lair:1)
  A bog body (Lair:3)
  6 dream sheep (Lair:6)
  8 hippogriffs
  17 yaks
  Sigmund (D:2)
  6 wyverns
  A human (D:11)
  A fire elemental (D:12)
  A steam dragon (D:13)
  2 hungry ghosts
  Menkaure (D:5)
  4 nagas (Lair:2)
  An acid dragon (D:13)
  12 water moccasins
  8 orc warriors
  2 hell hounds (D:12)
  5 porcupines
  4 ice beasts
  3 black bears
  A hornet zombie (D:13)
  2 phantoms (D:4)
  4 necrophages
  3 ogres
  11 centaurs
  2 big kobolds
  4 crocodiles
  14 bullfrogs
  3 elf zombies (Ossuary)
  A gnoll sergeant (D:9)
  6 scorpions
  A wyvern skeleton (D:9)
  6 killer bees
  5 wights (D:12)
  6 howler monkeys
  9 crimson imps
  A bullfrog zombie (D:10)
  3 centaur zombies
  3 human zombies (Ossuary)
  10 hounds
  3 jellies
  3 orc priests
  3 bullfrog skeletons
  7 orc wizards
  Terence (D:2)
  6 iguanas
  9 worker ants
  2 big kobold zombies (Ossuary)
  3 hound zombies
  A hound skeleton (D:8)
  3 mummies (Ossuary)
  4 worker ant zombies
  11 gnolls
  12 adders
  A shadow imp (D:5)
  6 oozes
  7 adder zombies (Ossuary)
  4 worms
  A dart slug (D:1)
  4 leopard geckos
  32 orcs
  A ball python (D:5)
  8 giant cockroaches
  A gnoll zombie (Ossuary)
  21 hobgoblins
  11 jackals
  6 quokkas
  15 bats
  12 frilled lizards
  A giant cockroach zombie (D:6)
  9 goblins
  5 goblin zombies (Ossuary)
  5 hobgoblin zombies (Ossuary)
  A jackal zombie (Ossuary)
  23 kobolds
  A kobold zombie (Ossuary)
  An orc zombie (Ossuary)
  3 quokka zombies (Ossuary)
  6 rats
  3 rat zombies (Ossuary)
  3 plants
522 creatures vanquished.

Vanquished Creatures (others)
  2 jellies (D:12)
  14 fungi
  20 plants
  A spectral weapon (D:13)
  7 toadstools (Lair:1)
44 creatures vanquished.

Grand Total: 566 creatures vanquished

Notes
Turn   | Place    | Note
-------+----------+-------------------------------------------
     0 | D:1      | Jaiteiro the Gnoll Fighter began the quest for the Orb.
     0 | D:1      | Reached XP level 1. HP: 23/23 MP: 1/1
   151 | D:1      | Reached XP level 2. HP: 29/29 MP: 2/2
   451 | D:1      | Reached XP level 3. HP: 33/35 MP: 3/3
   753 | D:2      | You fall through a shaft!
   827 | D:3      | Reached skill level 1 in Invocations
   886 | D:3      | Reached skill level 1 in Short Blades
   886 | D:3      | Reached skill level 1 in Long Blades
   886 | D:3      | Reached skill level 1 in Axes
   886 | D:3      | Reached skill level 1 in Maces & Flails
   886 | D:3      | Reached skill level 1 in Staves
   886 | D:3      | Reached skill level 1 in Slings
   886 | D:3      | Reached skill level 1 in Bows
   886 | D:3      | Reached skill level 1 in Crossbows
   886 | D:3      | Reached skill level 1 in Throwing
   886 | D:3      | Reached skill level 1 in Dodging
   886 | D:3      | Reached skill level 1 in Stealth
   886 | D:3      | Reached skill level 1 in Unarmed Combat
   886 | D:3      | Reached skill level 1 in Spellcasting
   886 | D:3      | Reached skill level 1 in Evocations
   889 | D:3      | Reached XP level 4. HP: 39/41 MP: 5/5
   913 | D:3      | Reached skill level 1 in Conjurations
   913 | D:3      | Reached skill level 1 in Hexes
   913 | D:3      | Reached skill level 1 in Charms
   913 | D:3      | Reached skill level 1 in Summonings
   913 | D:3      | Reached skill level 1 in Necromancy
   913 | D:3      | Reached skill level 1 in Translocations
   913 | D:3      | Reached skill level 1 in Transmutations
   913 | D:3      | Reached skill level 1 in Fire Magic
   913 | D:3      | Reached skill level 1 in Ice Magic
   913 | D:3      | Reached skill level 1 in Air Magic
   913 | D:3      | Reached skill level 1 in Earth Magic
   913 | D:3      | Reached skill level 1 in Poison Magic
  1165 | D:3      | Noticed a +0 dagger
  1166 | D:3      | Found a hide-covered altar of Uskayaw.
  1166 | D:3      | Noticed a +0 hand axe
  1193 | D:3      | Reached XP level 5. HP: 47/47 MP: 6/6
  1715 | D:2      | Found a faded altar of an unknown god.
  1802 | D:2      | Reached XP level 6. HP: 50/53 MP: 8/8
  1846 | D:2      | Noticed Terence
  1869 | D:2      | Killed Terence
  2187 | D:2      | Noticed Sigmund
  2197 | D:2      | Killed Sigmund
  2197 | D:2      | Reached skill level 5 in Polearms
  2197 | D:2      | Reached XP level 7. HP: 59/59 MP: 8/10
  2675 | D:3      | Found an opulent altar of Gozag.
  2679 | D:3      | Found an ornate altar of the Wu Jian Council.
  3552 | D:5      | Entered Level 5 of the Dungeon
  3570 | D:5      | Reached XP level 8. HP: 67/67 MP: 12/12
  3691 | D:5      | Found a stormy altar of Qazlal.
  3726 | D:5      | Found a sand-covered staircase.
  3731 | Ossuary  | Entered an ossuary
  4231 | D:5      | Noticed Menkaure
  4259 | D:5      | Killed Menkaure
  4259 | D:5      | Reached XP level 9. HP: 10/72 MP: 14/14
  4628 | D:5      | Noticed Grinder
  4666 | D:5      | Killed Grinder
  4868 | D:5      | Found a burning altar of Makhleb.
  5354 | D:6      | Found a stormy altar of Qazlal.
  5662 | D:6      | Got a flickering pewter ring
  5666 | D:6      | Identified the ring of Xeamit {*Slow rElec Str+6 Stlth-}
                  | (You found it on level 6 of the Dungeon)
  5689 | D:6      | Found a shattered altar of Ashenzari.
  6127 | D:6      | Found a staircase to the Ecumenical Temple.
  6158 | Temple   | Entered the Ecumenical Temple
  6311 | Temple   | Became a worshipper of the Shining One
  6519 | D:7      | Reached skill level 5 in Invocations
  6746 | D:7      | Reached XP level 10. HP: 77/80 MP: 15/17
  7672 | D:8      | Reached skill level 5 in Short Blades
  7672 | D:8      | Reached skill level 5 in Long Blades
  7672 | D:8      | Reached skill level 5 in Axes
  7672 | D:8      | Reached skill level 5 in Maces & Flails
  7672 | D:8      | Reached skill level 5 in Staves
  7672 | D:8      | Reached skill level 5 in Slings
  7672 | D:8      | Reached skill level 5 in Bows
  7672 | D:8      | Reached skill level 5 in Crossbows
  7672 | D:8      | Reached skill level 5 in Throwing
  7672 | D:8      | Reached skill level 5 in Dodging
  7672 | D:8      | Reached skill level 5 in Stealth
  7672 | D:8      | Reached skill level 5 in Unarmed Combat
  7672 | D:8      | Reached skill level 5 in Spellcasting
  7672 | D:8      | Reached skill level 5 in Evocations
  7678 | D:8      | Learned a level 3 spell: Conjure Flame
  7685 | D:8      | Learned a level 6 spell: Freezing Cloud
  7685 | D:8      | Noticed a kobold demonologist
  7685 | D:8      | Reached * piety under the Shining One
  7699 | D:8      | Killed a kobold demonologist
  7705 | D:8      | Learned a level 3 spell: Mephitic Cloud
  7816 | D:8      | Learned a level 2 spell: Shroud of Golubria
  7820 | D:8      | Learned a level 3 spell: Spectral Weapon
  8186 | D:9      | Found a staircase to the Orcish Mines.
  8400 | D:9      | Found a deep blue altar of Sif Muna.
  9214 | D:9      | Found Cag Zul's Antique Armour Shoppe.
  9283 | D:10     | Entered Level 10 of the Dungeon
  9672 | D:10     | Reached ** piety under the Shining One
  9728 | D:10     | Noticed a two-headed ogre
  9753 | D:10     | Killed a two-headed ogre
  9814 | D:10     | Reached XP level 11. HP: 69/87 MP: 19/19
 10434 | D:10     | Noticed Erolcha
 10466 | D:10     | Killed Erolcha
 10466 | D:10     | Reached skill level 5 in Conjurations
 10466 | D:10     | Reached skill level 5 in Hexes
 10466 | D:10     | Reached skill level 5 in Charms
 10466 | D:10     | Reached skill level 5 in Summonings
 10466 | D:10     | Reached skill level 5 in Necromancy
 10466 | D:10     | Reached skill level 5 in Translocations
 10466 | D:10     | Reached skill level 5 in Transmutations
 10466 | D:10     | Reached skill level 5 in Fire Magic
 10466 | D:10     | Reached skill level 5 in Ice Magic
 10466 | D:10     | Reached skill level 5 in Air Magic
 10466 | D:10     | Reached skill level 5 in Earth Magic
 10466 | D:10     | Reached skill level 5 in Poison Magic
 10988 | D:10     | Noticed an orc knight
 11021 | D:10     | Killed an orc knight
 12264 | D:11     | You fall through a shaft for 2 floors!
 12265 | D:13     | Reached *** piety under the Shining One
 12749 | D:13     | Noticed a centaur warrior
 12773 | D:13     | Killed a centaur warrior
 13466 | D:13     | Noticed a centaur warrior
 13482 | D:13     | Killed a centaur warrior
 13482 | D:13     | Reached XP level 12. HP: 48/96 MP: 20/22
 13736 | D:13     | Noticed a six-headed hydra
 13753 | D:13     | Killed a six-headed hydra
 14180 | D:12     | Reached **** piety under the Shining One
 14590 | D:12     | Noticed Azrael
 14740 | D:12     | Killed Azrael
 15280 | D:12     | Learned a level 2 spell: Poisonous Vapours
 15284 | D:12     | Learned a level 3 spell: Ignite Poison
 15536 | D:11     | Found an opulent altar of Gozag.
 15594 | D:11     | Found a staircase to the Lair.
 16028 | Lair:1   | Entered Level 1 of the Lair of Beasts
 16411 | Lair:1   | Noticed Nergalle
 16451 | Lair:1   | Killed Nergalle
 16517 | Lair:1   | Reached skill level 10 in Fighting
 16517 | Lair:1   | Reached skill level 10 in Armour
 16517 | Lair:1   | Reached skill level 10 in Shields
 16985 | Lair:1   | Noticed a dire elephant
 16985 | Lair:1   | Noticed a catoblepas
 17006 | Lair:1   | Found a runed translucent door.
 17349 | Lair:1   | Noticed a five-headed hydra
 17386 | Lair:1   | Killed a five-headed hydra
 17386 | Lair:1   | Reached XP level 13. HP: 61/103 MP: 22/24
 18249 | Lair:2   | Found a transporter.
 18836 | Lair:2   | Found a staircase to the Snake Pit.
 19341 | Lair:2   | Found a transporter.
 19341 | Lair:2   | Noticed Cato's ghost (journeyman DECj)
 19818 | Lair:2   | Noticed Sonja
 20242 | Lair:3   | Found a staircase to the Swamp.
 21968 | Lair:4   | You fall through a shaft!
 21986 | Lair:5   | Reached XP level 14. HP: 106/111 MP: 26/26
 22411 | Lair:4   | Noticed Urug
 22438 | Lair:4   | Killed Urug
 22670 | Lair:4   | Reached skill level 10 in Polearms
 24515 | Lair:6   | Entered Level 6 of the Lair of Beasts
 25165 | Lair:6   | Reached skill level 10 in Invocations
 25238 | Lair:6   | Slain by a catoblepas

Skill      XL: |  1  2  3  4  5  6  7  8  9 10 11 12 13 14 |
---------------+-------------------------------------------+-----
Invocations    | 1 2 3 4 5 6 7 8 9 10 | 10.0
Short Blades   | 1 2 3 4 5 6 7 8 9 |  9.1
Long Blades    | 1 2 3 4 5 6 7 8 9 |  9.1
Axes           | 1 2 3 4 5 6 7 8 9 |  9.1
Maces & Flails | 1 2 3 4 5 6 7 8 9 |  9.1
Staves         | 1 2 3 4 5 6 7 8 9 |  9.1
Slings         | 1 2 3 4 5 6 7 8 9 |  9.1
Bows           | 1 2 3 4 5 6 7 8 9 |  9.1
Crossbows      | 1 2 3 4 5 6 7 8 9 |  9.1
Throwing       | 1 2 3 4 5 6 7 8 9 |  9.1
Dodging        | 1 2 3 4 5 6 7 8 9 |  9.1
Stealth        | 1 2 3 4 5 6 7 8 9 |  9.1
Unarmed Combat | 1 2 3 4 5 6 7 8 9 |  9.1
Spellcasting   | 1 2 3 4 5 6 7 8 9 |  9.1
Evocations     | 1 2 3 4 5 6 7 8 9 |  9.1
Conjurations   | 1 2 3 4 5 6 7 |  7.6
Hexes          | 1 2 3 4 5 6 7 |  7.6
Charms         | 1 2 3 4 5 6 7 |  7.6
Summonings     | 1 2 3 4 5 6 7 |  7.6
Necromancy     | 1 2 3 4 5 6 7 |  7.6
Translocations | 1 2 3 4 5 6 7 |  7.6
Transmutations | 1 2 3 4 5 6 7 |  7.6
Fire Magic     | 1 2 3 4 5 6 7 |  7.6
Ice Magic      | 1 2 3 4 5 6 7 |  7.6
Air Magic      | 1 2 3 4 5 6 7 |  7.6
Earth Magic    | 1 2 3 4 5 6 7 |  7.6
Poison Magic   | 1 2 3 4 5 6 7 |  7.6
Polearms       | 5 6 7 8 9 10 | 10.2
Fighting       | 7 8 9 10 11 | 11.1
Armour         | 7 8 9 10 11 | 11.1
Shields        | 7 8 9 10 11 | 11.1

Action                   |  1- 3 |  4- 6 |  7- 9 | 10-12 | 13-15 || total
-------------------------+-------+-------+-------+-------+-------++-------
Melee: Trident           |    70 |       |       |       |       ||    70
       Bite              |    31 |    26 |   109 |   224 |   151 ||   541
       Spear             |   108 |   209 |   468 |   351 |    94 ||  1230
       Dagger            |       |       |   250 |   761 |       ||  1011
       Scimitar          |       |       |       |   108 |   464 ||   572
Throw: Stone             |       |     4 |       |    11 |    50 ||    65
       Tomahawk          |       |       |       |       |     8 ||     8
 Cast: Spectral Weapon   |       |       |       |     1 |     1 ||     2
       Shroud of Golubri |       |       |       |     1 |       ||     1
Invok: Divine Shield     |       |       |       |    10 |    10 ||    20
  Use: Scroll            |       |     1 |       |    16 |     3 ||    20
       Potion            |       |       |     2 |     2 |     1 ||     5
  Eat: Chunk             |       |     5 |    12 |    35 |    17 ||    69
       Ration            |       |       |     1 |     1 |     3 ||     5
Armor: Scale mail        |    51 |    48 |    19 |       |       ||   118
       Chain mail        |       |       |   147 |   141 |   227 ||   515
       Leather armour    |       |       |       |    25 |       ||    25
       Skin              |       |       |       |    22 |       ||    22
Dodge: Dodged            |    19 |    61 |   229 |   508 |   238 ||  1055
       Deflected         |       |       |     3 |     9 |     2 ||    14
Block: Shield            |    64 |   105 |   312 |   647 |   392 ||  1520
       Rpst.: Scimitar   |       |       |       |    15 |    41 ||    56
